 Dungeon Crawl Stone Soup version 0.30-a0-782-ge64f9170bb (webtiles) character file.

Game seed: 8594697628325560467

3752 shadizar the Fighter (level 10, 0/68 HPs)
             Began as a Gargoyle Fighter on Mar 18, 2023.
             Was a Follower of Okawaru.
             Slain by an orc warlord
             ... wielding a +5 battleaxe
              (12 damage)
             ... in a bailey.
             The game lasted 00:16:53 (6761 turns).

shadizar the Fighter (Gargoyle Fighter)             Turns: 6761, Time: 00:16:54

Health: 0/68       AC: 29    Str: 26    XL:     10   Next: 15%
Magic:  9/10       EV:  9    Int:  9    God:    Okawaru [*.....]
Gold:   409        SH:  5    Dex: 13    Spells: 9/9 levels left

rFire   . . .      SeeInvis .    y - +3 war axe
rCold   . . .      Faith    .    c - +0 buckler
rNeg    + + .      Spirit   .    q - +0 chain mail
rPois   ∞          Reflect  .    p - +1 helmet
rElec   +          Harm     .    u - +5 cloak of Egalitarianism {rPois Str+2 Dex+4}
rCorr   .          Rampage  .    b - +1 pair of gloves
Will    .....                    i - +0 pair of boots Stlth
                                 (no amulet)
HPRegen 0.31/turn                e - ring of positive energy
MPRegen 0.12/turn                (no ring)

@: mighty, hasted, very quick
A: sickness immunity, AC +7, negative energy resistance 1, electricity
resistance, torment resistance 1, petrification resistance
a: Renounce Religion, Heroism


You were in a bailey.
You worshipped Okawaru.
Okawaru was aware of your devotion.
You visited 2 branches of the dungeon, and saw 9 of its levels.
You also visited: Bailey.

You collected 409 gold pieces.

Inventory:

Hand Weapons
 a - a +0 flail
 t - a +4 short sword of freezing
 x - a +3 whip of venom
 y - a +3 war axe (weapon)
Missiles
 s - a throwing net (quivered)
Armour
 b - a +1 pair of gloves (worn)
 c - a +0 buckler (worn)
 i - a +0 pair of boots (worn)
 p - a +1 helmet (worn)
 q - a +0 chain mail (worn)
 u - the +5 cloak of Egalitarianism (worn) {rPois Str+2 Dex+4}
   (You found it on level 4 of the Dungeon)

   Str:       It affects your strength (+2).
   Dex:       It affects your dexterity (+4).
   rPois:     It protects you from poison.
 w - an orb of wrath
 A - a +0 plate armour
Jewellery
 e - a ring of positive energy (left hand)
 C - a ring of magical power
Wands
 z - a wand of paralysis (2)
 B - a wand of light (10)
Scrolls
 f - a scroll of blinking
 h - 2 scrolls of enchant armour
 j - a scroll of fog
 k - 6 scrolls of teleportation
 m - 2 scrolls of summoning
 o - 2 scrolls of torment
 v - a scroll of brand weapon {unknown}
 D - 2 scrolls of fear
Potions
 l - a potion of attraction
 n - 2 potions of lignification
 r - 2 potions of flight


   Skills:
 + Level 10.1 Fighting
 + Level 5.1(6.0) Axes
 - Level 5.2(6.4) Maces & Flails
 + Level 6.4 Armour
 + Level 3.4 Dodging
 + Level 6.4 Shields


You had 9 spell levels left.
You didn't know any spells.
Your spell library contained the following spells:

 Spells                   Type           Power      Damage    Failure   Level
 Lesser Beckoning         Tloc           0%         N/A       99%         2
 Gell's Gravitas          Tloc           0%         N/A       100%        3
 Teleport Other           Tloc           0%         N/A       100%        3
 Orb of Destruction       Conj           0%         9d5       100%        7
 Summon Guardian Golem    Hex/Summ       Unusable   N/A       N/A         3
 Spellforged Servitor     Conj/Summ      Unusable   N/A       N/A         7

Dungeon Overview and Level Annotations

Branches:
Dungeon (8/15)             Temple (1/1) D:7          Bailey (1/1)
   Lair: D:8-11

Altars:
Ashenzari
Dithmenos
Elyvilon
Fedhas
Gozag
Hepliaklqana
Kikubaaqudgha
Nemelex Xobeh
Okawaru
Qazlal
Ru
Trog
Uskayaw
Vehumet
Wu Jian
Yredelemnul
The Shining One

Annotations:
D:5 Sigmund


Innate Abilities, Weirdness & Mutations

You are immune to sickness and miasma.
Your stone body is resilient. (AC +7)
You are immune to poison.
You resist negative energy. (rN+)
You are resistant to electric shocks. (rElec)
You are resistant to unholy torment.
You are immune to petrification.


Message History

The orc warlord is lightly wounded.
The orc warlord hits you but does no damage.
You hit the orc warlord.
The orc warlord is lightly wounded.
The orc warlord hits you but does no damage.
You barely miss the orc warlord.
The orc warlord is lightly wounded.
You block the orc warlord's attack.
You hit the orc warlord.
The orc warlord is lightly wounded.
The orc warlord hits you but does no damage.
You slash the orc warlord!
The orc warlord is moderately wounded.
The orc warlord hits you with a +5 battleaxe.
You slash the orc warlord!
The orc warlord is moderately wounded.
The orc warlord hits you but does no damage.
You completely miss the orc warlord.
The orc warlord is moderately wounded.
The orc warlord hits you with a +5 battleaxe!!
You slash the orc warlord!
The orc warlord is moderately wounded.
The orc warlord closely misses you.
You slash the orc warlord!
The orc warlord is moderately wounded.
You feel like a meek peon again.
The orc warlord hits you but does no damage.
You barely miss the orc warlord.
The orc warlord is moderately wounded.
The orc warlord barely misses you.
You slice the orc warlord!!
The orc warlord is heavily wounded.
The orc warlord hits you with a +5 battleaxe!!
You feel yourself speed up.
The orc warlord hits you with a +5 battleaxe!
* * * LOW HITPOINT WARNING * * *
You closely miss the orc warlord.
The orc warlord is heavily wounded.
The orc warlord hits you with a +5 battleaxe!
You die...

8.(..'.....'..........#
..)#########......8...#
..##~~~#~~~####......##
..#~[.....~#~~#.....##
..#~?........~#....##
..##8.8...8.8~##...#
...#.........~~'...#
...#....∩....~~'...#
...#.........~~o@..#
..##8.8...8.8~##...#
..#~?........~#....##
..#~".....~#~~#.....##
..##~~~#~~ ####......##
..)#########......8...#
8....'..)..'(.........#
.....#~~~(~#......)...#
.....#~(~~~#...8))8..##


You could see an orc warlord.

Vanquished Creatures
  A hornet (D:8)
  5 yaks (D:8)
  A steam dragon (D:8)
  Menkaure (D:5)
  An ice beast (D:6)
  4 orc warriors
  A sky beast (D:7)
  3 black bears
  A kobold brigand (D:7)
  3 scorpions (D:6)
  4 wights (D:7)
  10 killer bees (D:8)
  3 howler monkeys
  A quasit (D:8)
  2 hounds
  An orc priest (D:5)
  10 orc wizards
  4 iguanas
  9 gnolls
  2 adders
  4 shadow imps
  4 white imps
  4 ufetubi
  2 worms (D:4)
  A dart slug (D:1)
  28 orcs
  5 bats
  6 endoplasms
  3 giant cockroaches
  10 hobgoblins
  23 kobolds
  4 quokkas
  8 ball pythons
  2 frilled lizards
  18 goblins
  2 rats
191 creatures vanquished.

Notes
Turn   | Place    | Note
-------+----------+-------------------------------------------
     0 | D:1      | shadizar the Gargoyle Fighter began the quest for the Orb.
     0 | D:1      | Reached XP level 1. HP: 14/14 MP: 1/1
   100 | D:1      | Reached XP level 2. HP: 17/19 MP: 2/2
   490 | D:1      | Reached XP level 3. HP: 23/23 MP: 3/3
  1592 | D:3      | Found a basalt altar of Yredelemnul.
  1596 | D:3      | Reached XP level 4. HP: 28/29 MP: 4/4
  1914 | D:3      | Reached skill level 4 in Fighting
  1944 | D:3      | Reached XP level 5. HP: 21/33 MP: 5/5
  2359 | D:4      | Noticed a black bear
  2367 | D:4      | Killed a black bear
  2368 | D:4      | Reached XP level 6. HP: 27/39 MP: 6/6
  3030 | D:4      | Reached skill level 1 in Dodging
  3235 | D:4      | Identified the +5 cloak of Egalitarianism {rPois Str+2
                  | Dex+4}
  3472 | D:5      | Entered Level 5 of the Dungeon
  3487 | D:5      | Noticed Sigmund
  3564 | D:5      | Noticed Menkaure
  3575 | D:5      | Killed Menkaure
  3576 | D:5      | Reached skill level 5 in Fighting
  3576 | D:5      | Reached XP level 7. HP: 14/44 MP: 7/7
  3756 | D:5      | Reached skill level 5 in Armour
  4023 | D:5      | Reached skill level 5 in Shields
  4148 | D:6      | Reached skill level 6 in Fighting
  4225 | D:6      | Found a stormy altar of Qazlal.
  4420 | D:6      | Reached XP level 8. HP: 51/51 MP: 8/8
  5006 | D:7      | Reached skill level 7 in Fighting
  5006 | D:7      | Found a staircase to the Ecumenical Temple.
  5243 | Temple   | Entered the Ecumenical Temple
  5311 | Temple   | Became a worshipper of Warmaster Okawaru
  5346 | D:7      | Found a glowing golden altar of the Shining One.
  5673 | D:7      | Reached skill level 5 in Maces & Flails
  5680 | D:7      | Reached XP level 9. HP: 55/57 MP: 9/9
  6029 | D:8      | Reached skill level 8 in Fighting
  6086 | D:8      | Reached skill level 1 in Axes
  6091 | D:8      | Reached * piety under Okawaru
  6117 | D:8      | Reached skill level 9 in Fighting
  6200 | D:8      | Noticed a hornet
  6220 | D:8      | Killed a hornet
  6300 | D:8      | Reached XP level 10. HP: 53/68 MP: 7/10
  6356 | D:8      | Reached skill level 10 in Fighting
  6415 | D:8      | Found a flagged portal.
  6425 | D:8      | Reached skill level 5 in Axes
  6431 | Bailey   | Entered a bailey
  6452 | Bailey   | Noticed an orc warlord
  6543 | Bailey   | Found a runed translucent gate.
  6603 | Bailey   | Found a runed translucent gate.
  6605 | Bailey   | Found a runed translucent gate.
  6761 | Bailey   | Slain by an orc warlord

Illustrated notes

Levels and vault maps discovered:
D:1:      lightli_arrival_flooded_house, layout_basic
D:2:      layout_basic, minivault_19, nrook_campfire
D:3:      layout_rooms, pf_just_have_faith
D:4:      layout_gridville
D:5:      layout_basic, grunt_temple_overflow_champion_of_chaos,
          hangedman_decor_push, minmay_misc_feat_encased, minmay_misc_feat_tiny,
          hangedman_decor_clover_reticule, uniq_menkaure, uniq_sigmund,
          uniq_grinder
D:6:      layout_rooms, mainiacjoe_overflow_paths, kennysheep_opposing_triangles
D:7:      layout_basic, mainiacjoe_overflow_brackets, temple_pool_b,
          palyth_stone_intersect, lemuel_flamethrower_1
D:8:      layout_basic, kennysheep_mini_moat, serial_demonic, serial_demonic_d,
          serial_demonic_a, serial_demonic_a, serial_demonic_f, enter_bailey_3
Temple:   eino_temple_lava
Bailey:   bailey_axe_bossmonster_kennysheep, bailey

Skill      XL: |  1  2  3  4  5  6  7  8  9 10 |
---------------+-------------------------------+-----
Armour         | 4 5 6 |  6.4
Shields        | 4 5 6 |  6.4
Fighting       | 4 5 6 7 9 10 | 10.1
Maces & Flails | 3 4 5 |  5.2
Dodging        | 1 2 3 |  3.4
Axes           | 4 5 |  5.1

Action                     |  1- 3 |  4- 6 |  7- 9 | 10-12 || total
---------------------------+-------+-------+-------+-------++-------
  Melee: Flail             |   147 |   201 |   154 |       ||   502
         Whip              |       |       |   131 |       ||   131
         War axe           |       |       |   103 |    79 ||   182
 Invoke: Heroism           |       |       |     3 |     4 ||     7
    Use: Potion            |       |     1 |     2 |     2 ||     5
         Scroll            |       |       |    14 |       ||    14
 Armour: Scale mail        |    97 |    72 |       |       ||   169
         Chain mail        |       |   111 |   353 |    46 ||   510
  Dodge: Dodged            |    73 |    90 |   171 |    37 ||   371
  Block: Buckler           |    37 |    48 |   111 |    32 ||   228

Table legend: (Time is in decaauts)
 A = Elapsed time spent in this place.
 B = Non-inter-level travel time spent in this place.
 C = Inter-level travel time spent in this place.
 D = Time resting spent in this place.
 E = Time spent auto-exploring this place.
 F = Levels seen in this place.
 G = Mean time per level.
                   A        B        C        D        E       F      G
               +--------+--------+--------+--------+--------+-----+--------+
         Total |   6924 |   6718 |    206 |     13 |   4020 |  10 |  692.4 |
       Dungeon |   6499 |   6303 |    196 |     13 |   3966 |   8 |  812.4 |
        Temple |     77 |     68 |      9 |      0 |     49 |   1 |   77.0 |
        Bailey |    347 |    347 |      0 |      0 |      5 |   1 |  347.0 |
               +--------+--------+--------+--------+--------+-----+--------+

Top non-repeatable levels by time:
     D:4: 1368 daAuts
     D:7: 1004 daAuts
     D:2: 854 daAuts
     D:6: 839 daAuts
     D:1: 780 daAuts
     D:3: 666 daAuts
     D:5: 544 daAuts
     D:8: 442 daAuts
  Bailey: 347 daAuts
  Temple: 77 daAuts
